AoeStats
← Lord_Wilfredo

Arabia

504347745Analyzed
1v1 RM · 28d ago on Sep 5, 2026· 56m 24s· 2 players
Game mode
Random Map
Map size
Tiny (2 player)
Population
200
Speed
Normal
Resources
Standard
Victory
Conquest
Starting age
Dark Age
Ending age
Imperial Age
RankedLock teamsTeams togetherTeam positionsShared explorationLock speedFull tech treeHidden civsTurbo modeCheats
Victory
Defeat
🇵🇪 Japanese · Peru
1294
+15
🇦🇷 Mongols · Argentina
1270
-15
Lord_Wilfredo
5:25 Loom
9:24 Feudal Age
11:16 Double-Bit Axe
18:33 Town Watch
24:45 Castle Age
22:51 Fletching
23:39 Padded Archer Armor
24:56 Crossbowman
25:32 Bodkin Arrow
27:03 Gold Mining
30:06 Bow Saw
32:06 Wheelbarrow
37:26 Bloodlines
38:49 Leather Archer Armor
38:58 Elite Skirmisher
43:30 Imperial Age
41:54 Ballistics
43:27 Husbandry
44:19 Bracer
45:46 Chemistry
45:26 Conscription
49:05 Capped Ram
49:47 Horse Collar
52:34 Parthian Tactics
54:09 Thumb Ring
53:58 Heavy Camel Rider
55:39 Hand Cart
56:14 Elite Steppe Lancer
Maech_
4:59 Loom
6:48 Loom
10:15 Feudal Age
12:35 Fletching
13:37 Town Watch
15:13 Double-Bit Axe
20:44 Wheelbarrow
21:06 Padded Archer Armor
23:51 Castle Age
24:38 Bodkin Arrow
25:24 Husbandry
26:07 Thumb Ring
30:34 Bloodlines
31:06 Horse Collar
32:53 Ballistics
38:33 Leather Archer Armor
40:07 Hand Cart
44:16 Imperial Age
44:36 Yasama
45:06 Bracer
46:11 Chemistry
46:59 Siege Engineers
47:37 Parthian Tactics
46:33 Heavy Cavalry Archer
46:41 Heavy Cavalry Archer
49:10 Ring Archer Armor
48:43 Scale Mail Armor
48:54 Forging
48:41 Light Cavalry
49:38 Guard Tower
52:29 Conscription
52:47 Scale Barding Armor
53:18 Iron Casting
52:47 Heavy Plow
56:06 Chain Barding Armor
56:47 Blast Furnace
55:42 Arrowslits
56:39 Town Patrol
Connection lost

Rejoining the realm…

Still unreachable

The connection could not be restored.

Session expired

The server has moved on; the page needs a fresh start.